 Dungeon Crawl Stone Soup version 0.21.1-1-g345015f (webtiles) character file.

3387 bobthegiant the Grappler (level 10, -3/86 (90) HPs)
             Began as a Ghoul Monk on Feb 21, 2018.
             Was a Priest of Yredelemnul.
             Slain by a wolf (5 damage)
             ... led by Grum
             ... on level 8 of the Dungeon.
             The game lasted 00:30:45 (7011 turns).

bobthegiant the Grappler (Ghoul Monk)               Turns: 7011, Time: 00:30:46

HP:   -3/86 (90)    AC:  6    Str: 18    XL:     10   Next: 4%
MP:   12/12         EV: 15    Int:  6    God:    Yredelemnul [***...]
Gold: 439           SH:  0    Dex: 11    Spells: 9/9 levels left

rFire    . . .     SeeInvis .     - Unarmed
rCold    + . .     Gourm    .   (no shield)
rNeg     + + +     Faith    .   a - +1 robe
rPois    ∞         Spirit   .   (no helmet)
rElec    .         Reflect  .   f - +2 cloak {rPois}
rCorr    .         Harm     .   (no gloves)
MR       .....                  (no boots)
Stlth    ++........             s - amulet of magic regeneration
HPRegen  0.00/turn              n - +2 ring of evasion
MPRegen  0.38/turn              (no ring)

@: about to teleport, injury mirror, rotting
A: rotting body, claws 1, carnivore, cold resistance 1, negative energy
resistance 3, inhibited regeneration, torment resistance, unbreathing
a: Recall Undead Slaves, Injury Mirror, Animate Dead, Renounce Religion


You were on level 8 of the Dungeon.
You worshipped Yredelemnul.
Yredelemnul was most pleased with you.
You were near starving.

You visited 2 branches of the dungeon, and saw 9 of its levels.
You also visited: Sewer.

You collected 439 gold pieces.

Inventory:

Hand Weapons
 u - a +1 hand crossbow
Missiles
 k - 8 needles of confusion
 l - 87 stones (quivered)
 o - 73 sling bullets
 v - 80 bolts
 y - 15 tomahawks
Armour
 a - a +1 robe (worn)
 f - a +2 cloak of poison resistance (worn)
 m - a +1 helmet
Jewellery
 i - an uncursed ring of ice {unknown}
 n - a +2 ring of evasion (left claw)
 s - an amulet of magic regeneration (around neck)
Wands
 t - a wand of iceblast (8)
 D - a wand of polymorph (13)
 E - a wand of clouds (1)
Scrolls
 h - 3 scrolls of remove curse
 r - 2 scrolls of enchant weapon
 A - a scroll of enchant armour
 B - a scroll of blinking {unknown}
 C - 2 scrolls of identify
Potions
 c - 5 potions of curing
 e - a potion of agility {unknown}
 g - 4 potions of lignification
 p - a potion of invisibility {unknown}
 q - 3 potions of mutation {unknown}
 w - 4 potions of flight
 z - a potion of cancellation
 G - a potion of might {unknown}
Books
 j - a book of Death

   Spells                             Type                      Level
   a - Corpse Rot                     Necromancy                   2
   b - Sublimation of Blood           Necromancy                   2
   c - Agony                          Necromancy                   5
   d - Dispel Undead                  Necromancy                   5
   e - Excruciating Wounds            Charms/Necromancy            5
   f - Bolt of Draining               Conjuration/Necromancy       5
 x - a book of Minor Magic

   Spells                             Type                      Level
   a - Magic Dart                     Conjuration                  1
   b - Blink                          Translocation                2
   c - Call Imp                       Summoning                    2
   d - Slow                           Hexes                        2
   e - Conjure Flame                  Conjuration/Fire             3
   f - Mephitic Cloud                 Conjuration/Poison/Air       3
 F - a book of Changes

   Spells                             Type                      Level
   a - Beastly Appendage              Transmutation                1
   b - Sticks to Snakes               Transmutation                2
   c - Spider Form                    Transmutation/Poison         3
   d - Ice Form                       Ice/Transmutation            4
   e - Blade Hands                    Transmutation                5
Comestibles
 b - 13 rations


   Skills:
 + Level 8.8 Fighting
 + Level 1.8 Armour
 - Level 3.1 Dodging
 - Level 2.2 Stealth
 * Level 11.7 Unarmed Combat
 - Level 4.4 Invocations


You had 9 spell levels left.
You didn't know any spells.

Dungeon Overview and Level Annotations

Branches:
Dungeon (8/15)             Temple (1/1) D:4
   Lair: D:8-11

Altars:
Elyvilon
Fedhas
Gozag
Kikubaaqudgha
Nemelex Xobeh
Okawaru
Sif Muna
Trog
Yredelemnul
Zin

Annotations:
D:3 exclusion: 3 downstairs
D:8 Grum


Innate Abilities, Weirdness & Mutations

Your body is rotting away.
You thrive on raw meat.
You are immune to poison.
You have sharp fingernails.
You are carnivorous and can eat meat at any time.
Your flesh is cold resistant. (rC+)
You are immune to negative energy. (rN+++)
You do not regenerate when monsters are visible.
You are immune to unholy pain and torment.
You can survive without breathing.


Message History

* * * LOW HITPOINT WARNING * * *
Yredelemnul mirrors your injury!
The wolf is moderately wounded.
The wolf barely misses you. The wolf bites you.
* * * LOW HITPOINT WARNING * * *
Yredelemnul mirrors your injury!
The wolf is lightly wounded.
The wolf barely misses you. Grum hits you but does no damage.
The wolf barely misses you.
You found a shaft!
The wolf barely misses you.
The wolf falls through a shaft!
The shaft crumbles and collapses.
The wolf closely misses you. The wolf bites you.
* * * LOW HITPOINT WARNING * * *
Yredelemnul mirrors your injury!
The wolf is moderately wounded.
The wolf misses you.
You are near starving!
The wolf closely misses you. The wolf bites you.
You die...
Yredelemnul claims you as an undead slave.

#......... #.........
#......... #####
#......... #....##
##.........
8.###.....####..........
#.........##.#...####.##
#....#.##§#.....### #.#
#......@h.g..#....# #..
#....#.hh.<.....#.# ....
#...#....###...#....###.
..........h......#.## .
.........###......#
..........# #......#
..........# #..#.....
.........## #..##....
...#....# #... ....


You could see Grum and 3 wolves.

Vanquished Creatures
  The ghost of Nr616 the Cleaver, a novice HOBe of Trog (D:6)
  Grinder (D:3)
  A hippogriff (D:7)
  Sigmund (D:3)
  2 orc warriors (D:6)
  A sky beast (D:6)
  A phantom (D:7)
  5 ogres
  Blork the orc (D:3)
  A big kobold (Sewer)
  3 bullfrogs
  A scorpion (D:7)
  3 howler monkeys
  A crimson imp (D:6)
  A jelly (D:6)
  Crazy Yiuf (D:3)
  A centaur skeleton (D:5)
  A centaur zombie (D:5)
  3 orc priests
  3 hounds
  2 orc wizards (D:6)
  6 worker ants
  Natasha (twice) (D:3)
  3 iguanas
  A hound zombie (D:6)
  2 hound skeletons
  A worker ant zombie (D:5)
  13 adders
  2 river rats (Sewer)
  3 oozes
  4 adder skeletons
  An adder zombie (D:7)
  4 worms (D:2)
  A dart slug (D:1)
  5 leopard geckos
  12 orcs
  4 bats
  7 giant cockroaches
  7 hobgoblins
  10 jackals
  4 kobolds
  A quokka (D:2)
  13 frilled lizards
  5 goblins
  2 leopard gecko skeletons
  A quokka skeleton (D:7)
  14 rats
163 creatures vanquished.

Vanquished Creatures (collateral kills)
  An ice beast (D:5)
  A phantom (D:6)
  An ogre (D:5)
  A bullfrog (D:6)
  A scorpion (D:6)
  A crimson imp (D:6)
  A bullfrog skeleton (D:7)
  A hound skeleton (D:5)
  An adder (D:5)
  An orc (D:5)
  A giant cockroach (D:5)
11 creatures vanquished.

Vanquished Creatures (others)
  A kraken (D:1)
  3 vampires (D:1)
  A human (D:1)
  A bullfrog zombie (D:7)
  A giant cockroach zombie (D:7)
  A jackal zombie (D:5)
  An orc zombie (D:6)
  7 tentacles (D:1)
16 creatures vanquished.

Grand Total: 190 creatures vanquished

Notes
Turn   | Place    | Note
-------+----------+-------------------------------------------
     0 | D:1      | bobthegiant the Ghoul Monk began the quest for the Orb.
     0 | D:1      | Reached XP level 1. HP: 19/19 MP: 0/0
     0 | D:1      | Noticed a spriggan
     0 | D:1      | Noticed an octopode
     0 | D:1      | Noticed a draconian
     0 | D:1      | Noticed a ghoul
     0 | D:1      | Noticed a kraken
     0 | D:1      | Noticed a draconian
     0 | D:1      | Noticed a vampire
     0 | D:1      | Noticed an elf
     0 | D:1      | Noticed a vampire
     0 | D:1      | Noticed a vampire
     0 | D:1      | Noticed a formicid
     0 | D:1      | Noticed a human
     6 | D:1      | Killed a vampire
     8 | D:1      | Killed a human
     9 | D:1      | Killed a vampire
     9 | D:1      | Killed a vampire
    11 | D:1      | Killed a kraken
   118 | D:1      | Reached XP level 2. HP: 20/25 MP: 1/1
   887 | D:2      | Reached XP level 3. HP: 30/31 MP: 2/2
   895 | D:2      | Reached skill level 4 in Unarmed Combat
  1057 | D:2      | Reached XP level 4. HP: 31/40 MP: 3/3
  1249 | D:2      | Found an opulent altar of Gozag.
  1488 | D:2      | Reached skill level 5 in Unarmed Combat
  1871 | D:3      | Noticed an ogre
  1888 | D:2      | Killed an ogre
  1888 | D:2      | Reached XP level 5. HP: 19/47 MP: 4/4
  2190 | D:3      | Reached XP level 6. HP: 43/52 MP: 5/5
  2217 | D:3      | Reached skill level 6 in Unarmed Combat
  2437 | D:3      | Found a glowing drain.
  2475 | Sewer    | Entered a sewer
  2596 | Sewer    | Reached skill level 5 in Fighting
  2616 | Sewer    | Found a white marble altar of Elyvilon.
  2809 | D:3      | Noticed Natasha
  2822 | D:3      | Killed Natasha
  2822 | D:3      | Noticed Natasha
  2838 | D:3      | Killed Natasha
  3095 | D:3      | Found a runed door.
  3099 | D:3      | Noticed Crazy Yiuf
  3108 | D:3      | Killed Crazy Yiuf
  3312 | D:3      | Reached skill level 7 in Unarmed Combat
  3312 | D:3      | Reached XP level 7. HP: 58/59 MP: 6/6
  3323 | D:4      | Noticed Grinder
  3424 | D:4      | Noticed Sigmund
  3611 | D:3      | Paralysed by Grinder for 4 turns
  3627 | D:3      | Killed Grinder
  3627 | D:3      | Reached skill level 8 in Unarmed Combat
  3772 | D:4      | Noticed Blork the orc
  3781 | D:3      | Killed Sigmund
  3781 | D:3      | Reached XP level 8. HP: 55/69 MP: 7/7
  3821 | D:3      | Killed Blork the orc
  3821 | D:3      | Reached skill level 9 in Unarmed Combat
  4006 | D:4      | Found a sparkling altar of Nemelex Xobeh.
  4038 | D:4      | Found a staircase to the Ecumenical Temple.
  4044 | Temple   | Entered the Ecumenical Temple
  4052 | Temple   | Became a worshipper of Yredelemnul the Dark
  4052 | Temple   | Reached * piety under Yredelemnul
  4052 | Temple   | Reached ** piety under Yredelemnul
  4239 | D:5      | Entered Level 5 of the Dungeon
  4359 | D:5      | Reached skill level 1 in Invocations
  4506 | D:5      | Found a bloodstained altar of Trog.
  4616 | D:5      | Reached skill level 10 in Unarmed Combat
  4804 | D:5      | Reached XP level 9. HP: 76/79 MP: 9/9
  5173 | D:6      | Noticed Nr616's ghost (novice HOBe)
  5207 | D:6      | Killed Nr616's ghost
  5530 | D:6      | Reached skill level 11 in Unarmed Combat
  5801 | D:6      | Found a white marble altar of Elyvilon.
  6214 | D:7      | Reached *** piety under Yredelemnul
  6361 | D:7      | Reached skill level 1 in Armour
  6379 | D:7      | Reached XP level 10. HP: 37/90 MP: 12/12
  6987 | D:8      | Noticed Grum
  7010 | D:8      | HP: 2/86 [wolf[Grum] (4)]
  7011 | D:8      | Slain by a wolf

Skill      XL: |  1  2  3  4  5  6  7  8  9 |
---------------+----------------------------+-----
Dodging        | 3 |  3.1
Unarmed Combat | 4 5 7 8 10 11 | 11.7
Fighting       | 4 5 6 7 8 |  8.8
Invocations    | 2 4 |  4.4
Armour         | 1 |  1.8
Stealth        | |  2.2

Action                   |  1- 3 |  4- 6 |  7- 9 | 10-12 || total
-------------------------+-------+-------+-------+-------++-------
Melee: Unarmed           |   102 |   202 |   325 |    11 ||   640
       Punch             |       |     5 |    17 |     1 ||    23
Throw: Stone             |     2 |     1 |    11 |       ||    14
Invok: Animate Remains   |       |       |    10 |       ||    10
       Injury Mirror     |       |       |     2 |     1 ||     3
       Animate Dead      |       |       |     2 |       ||     2
  Use: Scroll            |       |       |    11 |     1 ||    12
       Potion            |       |       |     1 |       ||     1
 Stab: Sleeping          |     1 |     5 |     3 |       ||     9
       Invisible         |       |     1 |       |       ||     1
       Distracted        |       |       |     1 |       ||     1
  Eat: Chunk             |    13 |    18 |    17 |       ||    48
Armor: Robe              |    15 |    19 |    57 |     5 ||    96
Dodge: Dodged            |    67 |   128 |   197 |    29 ||   421
